 Dungeon Crawl Stone Soup version 0.28-a0-863-g8cecda6153 (webtiles) character file.

Game seed: 12821200759277150146

9 siradein the Ducker (level 2, 13/22 HPs)
             Began as a Demonspawn Gladiator on Nov 17, 2021.
             Quit the game on level 1 of the Dungeon.
             The game lasted 00:00:54 (304 turns).

siradein the Ducker (Demonspawn Gladiator)           Turns: 304, Time: 00:00:55

Health: 13/22      AC:  4    Str: 14    XL:     2   Next: 6%
Magic:  2/2        EV: 12    Int:  9    God:
Gold:   0          SH:  0    Dex: 14    Spells: 1/1 levels left

rFire   . . .      SeeInvis .   g - +0 double sword
rCold   . . .      Faith    .   (no shield)
rNeg    . . .      Spirit   .   b - +0 leather armour
rPois   .          Reflect  .   c - +0 helmet
rElec   .          Harm     .   (no cloak)
rCorr   .          Rampage  .   (no gloves)
Will    .....                   (no boots)
Stlth   +.........              (no amulet)
HPRegen 0.07/turn               (no ring)
MPRegen 0.08/turn               (no ring)

@: no status effects
A: claws 1
a: no special abilities


You were on level 1 of the Dungeon.
You visited 1 branch of the dungeon, and saw 1 of its levels.

Inventory:

Hand Weapons
 g - a +0 double sword (weapon)
Missiles
 d - 3 throwing nets (quivered)
Armour
 b - a +0 leather armour (worn)
 c - a +0 helmet (worn)
Scrolls
 e - a scroll of summoning {unknown}
Potions
 a - a potion of magic {unknown}
 f - a potion of berserk rage {unknown}


   Skills:
 + Level 2.2 Fighting
 + Level 0.1 Long Blades
 - Level 2.8 Maces & Flails
 + Level 2.0 Throwing
 + Level 2.8 Dodging


You had one spell level left.
You didn't know any spells.
Your spell library was empty.

Dungeon Overview and Level Annotations

Branches:
Dungeon (1/15)

Altars:


Innate Abilities, Weirdness & Mutations

You have sharp fingernails.


Message History

No target in view!
a - a lumpy red potion A quokka comes into view.
A quokka is nearby!
A quokka is nearby!
A quokka is nearby!
A quokka is nearby!
A quokka is nearby!
A ball python comes into view.
The ball python hisses angrily.
You miss the quokka. The quokka bites you. The quokka closely misses you.
You closely miss the quokka. The quokka closely misses you. x2
You barely miss the quokka.
The quokka bites you but does no damage. x2
The ball python bites you. The ball python grabs you.
The ball python constricts you.
You closely miss the ball python.
The ball python bites you but does no damage.
The ball python constricts you. The quokka misses you.
The ball python bites you but does no damage.
The ball python constricts you. The quokka bites you.
You barely miss the ball python.
The ball python bites you but does no damage.
The ball python constricts you. The quokka barely misses you.
You slash the ball python!
You kill the ball python!
The quokka barely misses you. The quokka misses you.
Your Throwing skill increases to level 2!
You have reached level 2!
You feel monstrous as your demonic heritage exerts itself.
Your demonic ancestry asserts itself...
Your fingernails lengthen.
You hit the quokka.
The quokka is almost dead.
The quokka bites you but does no damage.
The quokka barely misses you.
You hit the quokka.
You kill the quokka!
You see here a quokka corpse.
Are you sure you want to abandon this character and quit the game? (Confirm with "yes".)

### ..# ..# ####..#
########### ..#..#
#.......... #.#..#
.......########.#..#
#..........[....@†.#
######.########....#
# #....# #....#
######....#####....#
#..................#
#.####.####.########.
# #................ #
#..##.#.######### #
#.....#......#


There were no monsters in sight!

Vanquished Creatures
  A giant cockroach (D:1)
  2 goblins (D:1)
  A kobold (D:1)
  A quokka (D:1)
  A ball python (D:1)
  A bat (D:1)
  2 rats (D:1)
9 creatures vanquished.

Notes
Turn   | Place    | Note
-------+----------+-------------------------------------------
     0 | D:1      | siradein the Demonspawn Gladiator began the quest for the
                  | Orb.
     0 | D:1      | Reached XP level 1. HP: 16/16 MP: 1/1
   301 | D:1      | Discovered your monstrous ancestry.
   301 | D:1      | Gained mutation: You have sharp fingernails. [demonic
                  | ancestry]
   301 | D:1      | Reached XP level 2. HP: 13/22 MP: 2/2
   304 | D:1      | Quit the game

Illustrated notes

Levels and vault maps discovered:
D:1:      matt_arrival_refuge, layout_basic

Skill      XL: |  1 |
---------------+----+-----
Throwing       | 2 |  2.0
Fighting       | |  2.2
Long Blades    | |  0.1
Maces & Flails | |  2.8
Dodging        | |  2.8

Action                   || total
-------------------------++-------
Melee: Flail             ||    19
       Double sword      ||    10
Armor: Leather armour    ||    14
Dodge: Dodged            ||    19

Table legend: (Time is in decaauts)
 A = Elapsed time spent in this place.
 B = Non-inter-level travel time spent in this place.
 C = Inter-level travel time spent in this place.
 D = Time resting spent in this place.
 E = Time spent auto-exploring this place.
 F = Levels seen in this place.
 G = Mean time per level.
                   A        B        C        D        E       F      G
               +--------+--------+--------+--------+--------+-----+--------+
         Total |    314 |    314 |      0 |      0 |    228 |   1 |  314.0 |
       Dungeon |    314 |    314 |      0 |      0 |    228 |   1 |  314.0 |
               +--------+--------+--------+--------+--------+-----+--------+

Top non-repeatable levels by time:
     D:1: 314 daAuts
